 Dungeon Crawl Stone Soup version 0.31-a0-117-g42d8f58691 (webtiles) character file.

Game seed: 3401397806811262487

588 porpoise the Chopper (level 7, -3/62 HPs)
             Began as a Hill Orc Fighter on May 31, 2023.
             Slain by Prince Ribbit (6 damage)
             ... on level 5 of the Dungeon.
             The game lasted 00:11:19 (3724 turns).

porpoise the Chopper (Hill Orc Fighter)             Turns: 3724, Time: 00:11:19

Health: -3/62      AC:  6    Str: 21    XL:     7   Next: 38%
Magic:  7/7        EV:  9    Int:  8    God:
Gold:   242        SH:  5    Dex: 10    Spells: 6/6 levels left

rFire   . . .        a - +0 war axe
rCold   . . .        c - +0 buckler
rNeg    . . .        e - +0 scale mail
rPois   .            (no helmet)
rElec   .            (no cloak)
rCorr   .            (no gloves)
SInv    .            (no boots)
Will    .....        (no amulet) Stlth
                     (no ring)
HPRegen 0.30/turn    (no ring)
MPRegen 0.10/turn

%: no passive effects
@: hasted, very quick
A: no striking features
a: no special abilities


You were on level 5 of the Dungeon.
You visited 1 branch of the dungeon, and saw 5 of its levels.

You collected 242 gold pieces.

Inventory:

Hand Weapons
 a - a +0 war axe (weapon)
 b - a +0 whip of draining
 y - a +4 flail
 A - a +0 arbalest
Armour
 c - a +0 buckler (worn)
 e - a +0 scale mail (worn)
 t - a +0 pair of boots
Wands
 w - a wand of polymorph (3)
Scrolls
 i - a scroll of magic mapping {unknown}
 l - a scroll of fear {unknown}
 m - a scroll of fog {unknown}
 n - a scroll of blinking {unknown}
 o - 2 scrolls of poison {unknown}
 p - a scroll of immolation {unknown}
 q - a scroll of torment {unknown}
 r - 2 scrolls of enchant weapon {unknown}
 s - 2 scrolls of teleportation {unknown}
 u - a scroll of identify {unknown}
 x - a scroll of vulnerability {unknown}
Potions
 d - a potion of might
 f - 2 potions of haste
 g - a potion of degeneration {unknown}
 h - 2 potions of curing {unknown}
 j - 2 potions of resistance {unknown}
 k - a potion of attraction {unknown}
 v - a potion of heal wounds {unknown}
Miscellaneous
 z - a piece from Xom's chessboard (15/15)


   Skills:
 + Level 5.9 Fighting
 * Level 7.8 Axes
 - Level 3.2 Armour
 - Level 5.0 Shields


You had 6 spell levels left.
You didn't know any spells.
Your spell library contained the following spells:

 Spells                   Type           Power      Damage    Failure   Level
 Blink                    Tloc           0%         N/A       91%         2
 Ignite Poison            Fire/Tmut/Pois 0%         N/A       99%         3
 Vhi's Electric Charge    Tloc/Air       0%         N/A       99%         3
 Manifold Assault         Tloc           0%         N/A       100%        4
 Sticky Flame             Conj/Fire      0%         2d3       100%        4
 Arcjolt                  Conj/Air       0%         1d10      100%        5
 Storm Form               Tmut/Air       0%         N/A       100%        7
 Ignition                 Fire           0%         3d3       100%        8
 Maxwell's Capacitive Co  Air            0%         ∞         100%        8


Dungeon Overview and Level Annotations

Branches:
Dungeon (5/15)
 Temple: D:4-7

Altars:
Cheibriados
Gozag

Annotations:
D:5 Prince Ribbit


Message History

There is a stone staircase leading down here.
Prince Ribbit hits you!
Prince Ribbit hits you but does no damage.
Prince Ribbit attacks as you move away! Prince Ribbit hits you.
You closely miss Prince Ribbit. Prince Ribbit completely misses you.
Prince Ribbit barely misses you.
You miss Prince Ribbit. Prince Ribbit barely misses you.
Prince Ribbit blinks!
You closely miss Sigmund. Sigmund barely misses you.
You slash Sigmund!
Sigmund is severely wounded.
Sigmund bites you!
You closely miss Sigmund.
Sigmund is severely wounded.
Sigmund barely misses you.
You barely miss Sigmund.
Sigmund is severely wounded.
Sigmund bites you!
You hit Sigmund.
Sigmund is almost dead.
Sigmund bites you!
Prince Ribbit blinks!
You hit Sigmund.
You kill Sigmund!
Sigmund returns to his original shape as he dies.
You closely miss Prince Ribbit.
Prince Ribbit lets out a mournful croak.
Prince Ribbit barely misses you. x2
You slash Prince Ribbit!
Prince Ribbit is moderately wounded.
Prince Ribbit closely misses you.
You closely miss Prince Ribbit.
Prince Ribbit is moderately wounded.
Prince Ribbit hits you but does no damage.
Prince Ribbit hits you!
* * * LOW HITPOINT WARNING * * *
You miss Prince Ribbit.
Prince Ribbit is moderately wounded.
Prince Ribbit hits you!
* * * LOW HITPOINT WARNING * * *
It was a potion of haste.
You feel yourself speed up. Prince Ribbit hits you.
You die...

#. #... # #. #...
#.###.########..#
#...............#
###.........##...
#.#...###.##..#
####.###..........
#................#
#@##.##...#..#...#
#F#..........#....
#..>.....#.#.#..#.
#...l........# #.
#.##.....#...#
#..##...........
....##...#####...
..#.$....... ..
#.##...).#...#


You could see Prince Ribbit.

Vanquished Creatures
  An ogre (D:4)
  A phantom (D:5)
  2 jellies (D:5)
  A hound (D:5)
  An orc priest (D:2)
  Jessica (D:3)
  4 iguanas
  8 gnolls
  3 adders
  A white imp (D:5)
  2 ufetubi
  A dart slug (D:4)
  11 orcs
  2 ball pythons
  4 endoplasms
  4 goblins
  A hobgoblin (D:2)
  7 kobolds
  7 quokkas
  6 bats
  2 frilled lizards
  5 rats
75 creatures vanquished.

Notes
Turn   | Place    | Note
-------+----------+-------------------------------------------
     0 | D:1      | porpoise the Hill Orc Fighter began the quest for the Orb.
     0 | D:1      | Reached XP level 1. HP: 19/19 MP: 1/1
   179 | D:1      | Reached skill level 3 in Axes
   204 | D:1      | Reached XP level 2. HP: 23/27 MP: 2/2
   304 | D:1      | Found a faded altar of an unknown god.
   452 | D:1      | Reached XP level 3. HP: 33/33 MP: 3/3
   783 | D:2      | Reached skill level 4 in Axes
  1265 | D:2      | Reached XP level 4. HP: 10/41 MP: 4/4
  1277 | D:2      | HP: 2/41 [goblin/+0 club (4)]
  1665 | D:3      | Noticed Jessica
  1673 | D:3      | Killed Jessica
  1674 | D:3      | Reached skill level 5 in Axes
  1741 | D:3      | Reached XP level 5. HP: 47/47 MP: 5/5
  2294 | D:3      | Found a snail-covered altar of Cheibriados.
  2294 | D:3      | Found an opulent altar of Gozag.
  2448 | D:4      | Noticed an ogre
  2458 | D:4      | Killed an ogre
  2459 | D:4      | Reached skill level 5 in Fighting
  2459 | D:4      | Reached skill level 6 in Axes
  2459 | D:4      | Reached XP level 6. HP: 29/56 MP: 6/6
  3158 | D:5      | Entered Level 5 of the Dungeon
  3598 | D:5      | Reached skill level 7 in Axes
  3598 | D:5      | Reached skill level 5 in Shields
  3600 | D:5      | Reached XP level 7. HP: 59/61 MP: 7/7
  3699 | D:5      | Noticed Sigmund
  3700 | D:5      | Noticed Prince Ribbit
  3702 | D:5      | Sigmund changed into Sigmund the iguana
  3702 | D:5      | Noticed Sigmund
  3717 | D:5      | Killed Sigmund the iguana
  3723 | D:5      | HP: 3/62 [Prince Ribbit (12)]
  3724 | D:5      | Slain by Prince Ribbit

Illustrated notes

Levels and vault maps discovered:
D:1:      eino_arrival_tree_alley, layout_basic,
          hellmonk_ecumenical_altar_arch_garden
D:2:      layout_loops_corners
D:3:      layout_loops_ring, gammafunk_temple_overflow_elements,
          dreamdust_princess_corridor, chequers_serial_rivers_small_3,
          uniq_jessica
D:4:      layout_loops_cross
D:5:      layout_loops_ring, hellmonk_bongcloud_opening, palyth_stone_intersect,
          hangedman_decor_lopped, minivault_24, uniq_prince_ribbit1,
          uniq_sigmund, uniq_crazy_yiuf_cottage

Skill      XL: |  1  2  3  4  5  6 |
---------------+-------------------+-----
Axes           | 3 4 5 6 7 |  7.8
Fighting       | 4 5 |  5.9
Shields        | 4 5 |  5.0
Armour         | |  3.2

Action                     |  1- 3 |  4- 6 |  7- 9 || total
---------------------------+-------+-------+-------++-------
  Melee: War axe           |    78 |   137 |    30 ||   245
         Whip              |       |    10 |       ||    10
  Evoke: Wand              |       |       |     3 ||     3
    Use: Potion            |       |       |     1 ||     1
 Armour: Scale mail        |    35 |    52 |    14 ||   101
  Dodge: Dodged            |    26 |    73 |    15 ||   114
  Block: Buckler           |    20 |    26 |     2 ||    48

Table legend: (Time is in decaauts)
 A = Elapsed time spent in this place.
 B = Non-inter-level travel time spent in this place.
 C = Inter-level travel time spent in this place.
 D = Time resting spent in this place.
 E = Time spent auto-exploring this place.
 F = Levels seen in this place.
 G = Mean time per level.
                   A        B        C        D        E       F      G
               +--------+--------+--------+--------+--------+-----+--------+
         Total |   3788 |   3755 |     33 |    620 |   2510 |   5 |  757.6 |
       Dungeon |   3788 |   3755 |     33 |    620 |   2510 |   5 |  757.6 |
               +--------+--------+--------+--------+--------+-----+--------+

Top non-repeatable levels by time:
     D:2: 947 daAuts
     D:3: 787 daAuts
     D:4: 764 daAuts
     D:1: 709 daAuts
     D:5: 579 daAuts
